 Dungeon Crawl Stone Soup version 0.26.0-10-g1f06aea511 (webtiles) character file.

Game seed: 11730261205794052548

18135 Borgoz the Fighter (level 12, -5/110 HPs)
             Began as a Ghoul Gladiator on Jan 18, 2021.
             Was a High Priest of Okawaru.
             Slain by a red ugly thing (15 damage)
             ... on level 11 of the Dungeon.
             The game lasted 00:16:06 (13525 turns).

Borgoz the Fighter (Ghoul Gladiator)               Turns: 13525, Time: 00:16:07

Health: -5/110     AC: 19    Str: 19    XL:     12   Next: 55%
Magic:  0/14       EV: 12    Int:  3    God:    Okawaru [*****.]
Gold:   805        SH:  5    Dex: 14    Spells: 11/11 levels left

rFire    . . .     SeeInvis .   a - +3 scimitar
rCold    + . .     Faith    .   l - +2 buckler {rN+}
rNeg     + + +     Spirit   +   f - +4 chain mail of Qekhleu {+Blink rPois}
rPois    ∞         Reflect  .   c - +0 helmet
rElec    .         Harm     .   r - scarf {repulsion}
rCorr    .         Rampage  .   (no gloves)
Will     .....                  i - +1 pair of boots
Stlth    ..........             p - amulet of guardian spirit
HPRegen  0.00/turn              e - +4 ring of slaying
MPRegen  0.14/turn              (no ring)

@: repel missiles
A: claws 1, cold resistance 1, negative energy resistance 3, inhibited
regeneration, torment resistance, unbreathing
a: Renounce Religion, Evoke Blink, Heroism, Finesse


You were on level 11 of the Dungeon.
You worshipped Okawaru.
Okawaru was extremely pleased with you.
You visited 2 branches of the dungeon, and saw 13 of its levels.

You collected 904 gold pieces.
You spent 99 gold pieces at shops.

Inventory:

Hand Weapons
 a - a +3 scimitar (weapon)
 b - a +4 great sword of freezing
Armour
 c - a +0 helmet (worn)
 f - the +4 chain mail of Qekhleu (worn) {+Blink rPois}
   (Okawaru gifted it to you on level 10 of the Dungeon)

   It protects you from poison.
   It lets you blink.
 i - a +1 pair of boots (worn)
 l - a +2 buckler of positive energy (worn)
 r - a scarf of repulsion (worn)
 E - the +1 ring mail "Jaoriom" {Will+ MP+9}
   (You found it on level 8 of the Dungeon)

   It affects your willpower, your defense against some magical effects.
   It affects your magic capacity (+9).
Jewellery
 e - a +4 ring of slaying (left claw)
 m - an uncursed amulet of regeneration
 p - an amulet of guardian spirit (around neck)
 H - an uncursed ring of ice
 I - an uncursed ring of fire
Wands
 g - a wand of flame (15)
 t - a wand of disintegration (6)
 F - a wand of iceblast (26)
Scrolls
 h - 7 scrolls of teleportation
 k - 10 scrolls of remove curse
 n - a scroll of enchant armour
 o - a scroll of enchant weapon
 s - a scroll of identify
 w - 2 scrolls of fear
 C - 2 scrolls of magic mapping
Potions
 j - 5 potions of invisibility
 q - 2 potions of flight
 u - 4 potions of mutation {unknown}
 v - 2 potions of cancellation
 x - 2 potions of haste
 z - 3 potions of brilliance {unknown}
 A - 3 potions of resistance
 B - a potion of degeneration {unknown}
 D - 2 potions of heal wounds {unknown}


   Skills:
 + Level 11.0 Fighting
 + Level 9.6 Long Blades
 - Level 1.7 Throwing
 + Level 9.1 Armour
 + Level 9.5 Dodging
 - Level 5.0 Invocations


You had 11 spell levels left.
You didn't know any spells.
Your spell library contained the following spells:

 Spells                   Type           Power        Failure   Level
 Animate Skeleton         Necr           0%           100%        1
 Corona                   Hex            0%           100%        1
 Foxfire                  Conj/Fire      0%           100%        1
 Pain                     Necr           0%           100%        1
 Summon Small Mammal      Summ           0%           100%        1
 Call Imp                 Summ           0%           100%        2
 Ensorcelled Hibernation  Hex/Ice        0%           100%        2
 Call Canine Familiar     Summ           0%           100%        3
 Confusing Touch          Hex            0%           100%        3
 Conjure Flame            Conj/Fire      0%           100%        3
 Dazzling Flash           Conj/Hex       0%           100%        3
 Inner Flame              Hex/Fire       0%           100%        3
 Summon Guardian Golem    Hex/Summ       0%           100%        3
 Tukima's Dance           Hex            0%           100%        3
 Vampiric Draining        Necr           0%           100%        3
 Animate Dead             Necr           0%           100%        4
 Sticky Flame             Conj/Fire      0%           100%        4
 Summon Ice Beast         Ice/Summ       0%           100%        4
 Summon Lightning Spire   Summ/Air       0%           100%        4
 Agony                    Necr           0%           100%        5
 Fireball                 Conj/Fire      0%           100%        5


Dungeon Overview and Level Annotations

Branches:
Dungeon (12/15)            Temple (1/1) D:5            Lair (0/6) D:10
    Orc (0/2) D:11

Altars:
Ashenzari
Cheibriados
Dithmenos
Elyvilon
Fedhas
Gozag
Hepliaklqana
Kikubaaqudgha
Makhleb
Nemelex Xobeh
Okawaru
Qazlal
Ru
Sif Muna
Trog
Uskayaw
Vehumet
Wu Jian
Xom
Yredelemnul
Zin
The Shining One

Shops:
D:4 *   D:8 :

Annotations:
D:8 2 transporters, Borgoz's ghost, novice GrBe


Innate Abilities, Weirdness & Mutations

You thrive by killing the living.
You are immune to poison.
You have sharp fingernails.
Your flesh is cold resistant. (rC+)
You are immune to negative energy. (rN+++)
You do not regenerate when monsters are visible.
You are immune to unholy pain and torment.
You can survive without breathing.


Message History

a +0 flail; an orc corpse
Okay, then.
Throw: 2 throwing nets
Press: ? - help, Q - select action, (/) - cycle Shift-Dir - straight line, f - red ugly thing
Aim: a red ugly thing (severely wounded)
You throw a throwing net.
The throwing net barely misses the red ugly thing.
The red ugly thing kicks you!
* * * LOW HITPOINT WARNING * * *
You are engulfed in flames!
* * * LOW HITPOINT WARNING * * *
Throw: throwing net
Press: ? - help, Q - select action, (/) - cycle Shift-Dir - straight line, f/p - red ugly thing
Aim: a red ugly thing (severely wounded)
You throw a throwing net.
The throwing net barely misses the red ugly thing.
The red ugly thing kicks you.
* * * LOW HITPOINT WARNING * * *
You are engulfed in flames!
You die...

##.............#
.#.............#
.............###
.............#
##...........# #########
.##..........#
##......<#
..#..........#
#..#######
..#..........#####.)#
..####..........@u>(#
##..(##......##.##..#
.#.(..#....####.##..#
.#..[.#[...# #.##..#
.##........# #.##..#
..###......# #.##..####
...........####.##.....#
....................##.#
....)...........######.#


You could see a red ugly thing.

Vanquished Creatures
  An azure jelly (shapeshifter) (D:11)
  2 two-headed ogres
  The ghost of groll the Fighter, a novice MiBe of Trog (D:6)
  An unseen horror (D:10)
  A cyclops (D:11)
  A manticore (D:11)
  2 ugly things (D:11)
  Maurice (D:8)
  A centaur zombie (D:10)
  Joseph (D:8)
  2 centaur skeletons (D:11)
  2 trolls
  Prince Ribbit (D:8)
  2 shadows (D:11)
  4 wyverns (D:10)
  16 yaks
  A steam dragon (D:10)
  A two-headed ogre zombie (D:11)
  3 water moccasins (D:10)
  3 orc warriors
  4 ice beasts
  3 sky beasts
  A necrophage (D:10)
  4 black bears
  6 phantoms
  An eye of draining (D:11)
  9 ogres
  3 wolves
  5 centaurs
  3 big kobolds
  3 bullfrogs
  3 scorpions
  A troll zombie (D:11)
  20 killer bees
  8 wights (D:10)
  10 howler monkeys
  7 hounds
  A bullfrog zombie (D:11)
  5 orc priests
  A gnoll shaman (D:4)
  3 bullfrog skeletons
  2 jellies
  7 orc wizards
  3 iguanas
  10 worker ants
  Terence (D:2)
  6 ogre zombies (D:11)
  3 hound skeletons
  6 gnolls
  2 howler monkey skeletons (D:11)
  22 adders
  2 shadow imps
  4 white imps
  An ufetubus (D:5)
  An ooze (D:5)
  3 worms
  2 dart slugs
  8 leopard geckos
  42 orcs
  A ball python (D:1)
  10 giant cockroaches
  6 goblins
  7 hobgoblins
  12 jackals
  14 kobolds
  4 quokkas
  6 bats
  4 frilled lizards
  3 goblin skeletons (D:11)
  2 goblin zombies (D:11)
  2 hobgoblin skeletons (D:11)
  A hobgoblin zombie (D:11)
  A jackal zombie (D:6)
  A leopard gecko skeleton (D:4)
  3 orc skeletons (D:11)
  14 orc zombies (D:11)
  A quokka skeleton (D:4)
  14 rats
379 creatures vanquished.

Vanquished Creatures (others)
  A white imp (D:9)
  A leopard gecko (D:4)
  3 fungi (D:10)
  21 plants
26 creatures vanquished.

Grand Total: 405 creatures vanquished

Notes
Turn   | Place    | Note
-------+----------+-------------------------------------------
     0 | D:1      | Borgoz the Ghoul Gladiator began the quest for the Orb.
     0 | D:1      | Reached XP level 1. HP: 17/17 MP: 0/0
   150 | D:1      | Reached XP level 2. HP: 25/25 MP: 1/1
   757 | D:1      | Reached skill level 1 in Armour
   757 | D:1      | Reached XP level 3. HP: 30/30 MP: 2/2
   994 | D:2      | Found an iron altar of Okawaru.
  1031 | D:2      | Reached XP level 4. HP: 37/37 MP: 3/3
  1059 | D:2      | Became a worshipper of Warmaster Okawaru
  1215 | D:2      | Reached skill level 3 in Fighting
  1346 | D:2      | Noticed Terence
  1365 | D:2      | Killed Terence
  1549 | D:2      | Found a burning altar of Makhleb.
  1556 | D:2      | Reached skill level 1 in Invocations
  1556 | D:2      | Reached XP level 5. HP: 41/45 MP: 4/4
  1827 | D:3      | Found a hide-covered altar of Uskayaw.
  1934 | D:3      | Noticed an ogre
  1938 | D:3      | Killed an ogre
  1939 | D:3      | Reached XP level 6. HP: 48/52 MP: 6/6
  2028 | D:3      | Reached * piety under Okawaru
  2291 | D:4      | Found a stormy altar of Qazlal.
  2346 | D:4      | Found an ancient bone altar of Kikubaaqudgha.
  2377 | D:4      | Found a shadowy altar of Dithmenos.
  2429 | D:4      | Reached skill level 4 in Fighting
  2538 | D:4      | Reached XP level 7. HP: 36/59 MP: 4/8
  2927 | D:4      | Found Waakyv's Assorted Antiques.
  2933 | D:4      | Bought 2 dark potions for 48 gold pieces
  2933 | D:4      | Bought a smoky brown potion for 24 gold pieces
  2933 | D:4      | Bought a scroll labelled ANYNNI INUJA for 27 gold pieces
  3072 | D:4      | Found a shimmering altar of Xom.
  3255 | D:5      | Entered Level 5 of the Dungeon
  3475 | D:5      | Reached ** piety under Okawaru
  3581 | D:5      | Reached XP level 8. HP: 67/67 MP: 9/9
  3582 | D:5      | Found a staircase to the Ecumenical Temple.
  3673 | D:5      | Reached skill level 5 in Fighting
  3918 | Temple   | Entered the Ecumenical Temple
  4428 | D:6      | Reached skill level 5 in Long Blades
  4428 | D:6      | Reached skill level 5 in Dodging
  4508 | D:6      | Found a runed translucent door.
  4793 | D:6      | Reached *** piety under Okawaru
  4816 | D:6      | Noticed groll's ghost (novice MiBe)
  4857 | D:6      | Reached XP level 9. HP: 69/75 MP: 9/11
  4948 | D:6      | Reached skill level 6 in Fighting
  4948 | D:6      | Reached skill level 5 in Invocations
  5260 | D:6      | Killed groll's ghost
  5261 | D:6      | Reached skill level 5 in Armour
  5880 | D:7      | Reached **** piety under Okawaru
  6080 | D:7      | Reached skill level 7 in Fighting
  6558 | D:8      | Got a steaming ring mail
  6569 | D:8      | Identified the cursed +1 ring mail "Jaoriom" {Will+ MP+9}
                  | (You found it on level 8 of the Dungeon)
  6643 | D:8      | Noticed Joseph
  6663 | D:8      | Killed Joseph
  6664 | D:8      | Reached XP level 10. HP: 54/86 MP: 12/12
  6948 | D:8      | Noticed Maurice
  6962 | D:8      | Killed Maurice
  7027 | D:8      | Found Xiuvill's Book Shoppe.
  7115 | D:8      | Found a transporter.
  7116 | D:8      | Noticed Borgoz's ghost (novice GrBe)
  7122 | D:8      | Found a transporter.
  7264 | D:8      | Received a gift from Okawaru
  7393 | D:8      | Noticed Prince Ribbit
  7556 | D:8      | Killed Prince Ribbit
  7616 | D:8      | Reached skill level 8 in Fighting
  7695 | D:8      | Noticed a moth of wrath
  7954 | D:9      | Noticed a two-headed ogre
  7963 | D:9      | Killed a two-headed ogre
  7963 | D:9      | Reached ***** piety under Okawaru
  8205 | D:9      | Found a blossoming altar of Fedhas.
  9238 | D:10     | Entered Level 10 of the Dungeon
  9382 | D:9      | Reached XP level 11. HP: 31/95 MP: 4/13
  9670 | D:9      | Reached skill level 9 in Fighting
 10040 | D:10     | Found a staircase to the Lair.
 10233 | D:10     | Received a gift from Okawaru
 10241 | D:10     | Got a jewelled chain mail {god gift}
 10503 | D:11     | Identified the +4 chain mail of Qekhleu {+Blink rPois}
                  | (Okawaru gifted it to you on level 10 of the Dungeon)
 11009 | D:10     | Killed an unseen horror
 11420 | D:11     | Reached skill level 10 in Fighting
 11557 | D:11     | Noticed a cyclops
 11562 | D:11     | Noticed a two-headed ogre
 11936 | D:11     | Killed a two-headed ogre
 11937 | D:11     | Reached XP level 12. HP: 107/107 MP: 11/14
 12235 | D:11     | Received a gift from Okawaru
 12626 | D:11     | Found a staircase to the Orcish Mines.
 12784 | D:11     | Noticed an azure jelly
 12792 | D:11     | Killed an azure jelly
 12793 | D:11     | Reached skill level 11 in Fighting
 13525 | D:11     | Slain by a red ugly thing

Illustrated notes

Levels and vault maps discovered:
D:1:      dpeg_arrival_ratfight, layout_loops_ring, serial_bayou_lake_a
D:2:      minmay_chambers_of_twos, layout_basic, lemuel_coloured_pillars_altar,
          makhleb_heckhound_becter, uniq_terence
D:3:      layout_basic, lemuel_crystal_altar, minmay_misc_feat_room
D:4:      kennysheep_spiral_hall, layout_cave_pools, grunt_qazlal_clouds,
          kennysheep_little_box, lemuel_doored_altar, grunt_dithmenos_smoke,
          serial_shops, nicolae_shop_crystal, chequers_serial_rivers_small_3
D:5:      layout_gridville, minmay_temple_entry_trees
D:6:      layout_basic, hellmonk_ghost_happy_afterlife
D:7:      layout_basic, chequers_arboretum, serial_bayou_pond_d
D:8:      layout_layer_cave, gammafunk_ghost_berserking_beasts, serial_shops,
          shop_statue, uniq_joseph, uniq_maurice, uniq_prince_ribbit1
D:9:      layout_irregular_city, fedhas_altar_1, lemuel_flamethrower_2
D:10:     layout_loops_cross, minmay_lair_entry_grove,
          hangedman_decor_diamond_cutter
D:11:     layout_basic, zombieorc2_lemuel, minivault_1, minmay_bent
D:12:     layout_rooms, eino_small_chamber_without_monster
Temple:   bh_familiar_temple

Skill      XL: |  1  2  3  4  5  6  7  8  9 10 11 12 |
---------------+-------------------------------------+-----
Long Blades    | 3 4 5 6 7 9 |  9.6
Dodging        | 3 4 5 6 7 9 |  9.5
Armour         | 1 2 3 4 5 7 8 9 |  9.1
Fighting       | 3 4 5 7 8 10 11 | 11.0
Invocations    | 1 2 3 4 5 |  5.0
Throwing       | |  1.7

Action                   |  1- 3 |  4- 6 |  7- 9 | 10-12 || total
-------------------------+-------+-------+-------+-------++-------
Melee: Long sword        |    63 |   120 |   289 |   355 ||   827
       Punch             |       |       |     1 |       ||     1
       Scimitar          |       |       |       |   449 ||   449
Throw: Throwing net      |       |     1 |       |     5 ||     6
Invok: Heroism           |       |       |     4 |     9 ||    13
Evoke: Wand              |       |       |       |     1 ||     1
  Use: Scroll            |     2 |     1 |     6 |    17 ||    26
       Potion            |       |     1 |     1 |     2 ||     4
 Stab: Sleeping          |     2 |     1 |       |       ||     3
       Held in net/web   |       |     1 |       |       ||     1
Armor: Leather armour    |    19 |    16 |       |       ||    35
       Ring mail         |       |    19 |   114 |   177 ||   310
       Chain mail        |       |       |       |   226 ||   226
Dodge: Dodged            |    57 |    97 |   257 |   538 ||   949
Block: Buckler           |       |       |    13 |   260 ||   273
       Rpst.: Long sword |    18 |    32 |    79 |    95 ||   224
       Scimitar          |       |       |       |    60 ||    60
